[ PARTIDA AOE2 · #478924660 ]
Team RMGodos vs Vietnamese
[ ANÁLISIS DE REPETICIÓN · EXTRAÍDO DE LA PARTIDA GRABADA ]
Feudal
—
Castillos
—
Imperial
—
| APM promedio | 17.6 |
| APM pico | 39 |
| eAPM promedio | 8.2 |
| Aldeanos / militares | 8 / 0 |
Foco
⚔️ 0.0% · 🌾 100.0%
Feudal
—
Castillos
—
Imperial
—
| APM promedio | 46.7 |
| APM pico | 68 |
| eAPM promedio | 9.7 |
| Aldeanos / militares | 12 / 0 |
Foco
⚔️ 4.8% · 🌾 95.2%
Feudal
—
Castillos
—
Imperial
—
| APM promedio | 16.4 |
| APM pico | 27 |
| eAPM promedio | 6.7 |
| Aldeanos / militares | 6 / 0 |
Foco
⚔️ 0.0% · 🌾 100.0%
Feudal
—
Castillos
—
Imperial
—
| APM promedio | 33.1 |
| APM pico | 41 |
| eAPM promedio | 7.0 |
| Aldeanos / militares | 11 / 0 |
Foco
⚔️ 0.0% · 🌾 100.0%
Mapa de la partida
Recursos al inicio + cada clic de construcción. Línea gruesa = muro · recuadro discontinuo = muro de casas detectado. 🟡 oro · ⚪ piedra · 🟢 bayas · 🔶 jabalí · ⭕ reliquia
Inputs por minuto
— ADRIELONIX - - Loveme
Build order — ADRIELONIX
10 acciones detectadas en el replay
| 0:02 | Construir | House |
| 0:04 | Construir | House |
| 0:06 | Crear | Villager (Male) |
| 0:06 | Crear | Villager (Male) |
| 0:06 | Crear | Villager (Male) |
| 0:06 | Crear | Villager (Male) |
| 1:36 | Crear | Villager (Male) |
| 2:17 | Crear | Villager (Male) |
| 2:17 | Crear | Villager (Male) |
| 2:53 | Crear | Villager (Male) |
Build order — Loveme
16 acciones detectadas en el replay
| 0:03 | Crear | Villager (Male) |
| 0:03 | Crear | Villager (Male) |
| 0:03 | Crear | Villager (Male) |
| 0:04 | Crear | Villager (Male) |
| 0:04 | Crear | Villager (Male) |
| 0:04 | Crear | Villager (Male) |
| 0:05 | Investigar | Loom |
| 0:10 | Construir | House |
| 0:11 | Construir | House |
| 0:18 | Construir | House |
| 2:27 | Crear | Villager (Male) |
| 2:27 | Crear | Villager (Male) |
| 2:27 | Crear | Villager (Male) |
| 2:58 | Crear | Villager (Male) |
| 2:58 | Crear | Villager (Male) |
| 2:58 | Crear | Villager (Male) |
Build order — 8FOX
12 acciones detectadas en el replay
| 0:09 | Construir | House |
| 0:10 | Construir | House |
| 0:12 | Construir | House |
| 0:14 | Construir | House |
| 0:17 | Investigar | Loom |
| 0:18 | Crear | Villager (Male) |
| 0:18 | Crear | Villager (Male) |
| 0:19 | Crear | Villager (Male) |
| 0:55 | Crear | Villager (Male) |
| 2:02 | Crear | Villager (Male) |
| 2:36 | Construir | Lumber Camp |
| 2:38 | Crear | Villager (Male) |
Build order — Saikool
9 acciones detectadas en el replay
| 0:03 | Construir | House |
| 0:05 | Construir | House |
| 0:06 | Construir | House |
| 0:08 | Crear | Villager (Male) ×4 |
| 0:08 | Crear | Villager (Male) ×4 |
| 1:42 | Crear | Villager (Male) |
| 1:57 | Construir | Lumber Camp |
| 2:12 | Crear | Villager (Male) |
| 2:12 | Crear | Villager (Male) |
Cronología de la partida
| 3:11 | Saikool · resign |
[ ANÁLISIS IA · 1 CRÉDITO ]
¿Qué pasó realmente en esta partida?
Wolo.gg analiza cada decisión: build order, eco, micro, errores típicos por bracket. Análisis personalizado por WhatsApp o Discord en 30 segundos.
Guía civ
Godos
Guía mapa
Fortified Clearing
Perfil
ADRIELONIX